 Dungeon Crawl Stone Soup version 0.17-a0-2098-gf59d6bc (webtiles) character file.

155 4thArraOfDagon the Firebug (level 5, 2/28 HPs)
             Began as a Deep Elf Fire Elementalist on Oct 17, 2015.
             Was an Initiate of Vehumet.
             Quit the game on level 1 of the Abyss.
             The game lasted 00:05:42 (1090 turns).

4thArraOfDagon the Firebug (DEFE)                   Turns: 1090, Time: 00:05:43

Health: 2/28       AC:  2    Str:  5    XL:     5   Next: 14%
Magic:  13/13      EV: 19    Int: 26    God:    Vehumet [......]
Gold:   73         SH:  0    Dex: 29    Spells: 2 memorised, 8 levels left

rFire  + . .     SeeInvis +     q - +4 trident of Dried Tears {elec, rElec rF+ Dex+4 SInv}
rCold  . . .     Clarity  .     a - +0 robe
rNeg   . . .     SustAt   .     (no shield)
rPois  .         Gourm    .     (no helmet)
rElec  +         Spirit   .     (no cloak)
rCorr  .         Warding  .     (no gloves)
rMut   .         Stasis   .     (no boots)
MR     .....                    h - amulet of faith
Stlth  ++++......               (no ring)
                                o - +5 ring of dexterity

@: brilliant, agile, lethally poisoned (2 -> -12), weakened, not resistant to
hostile enchantments, stealthy
A: no striking features
a: Renounce Religion


You were on level 1 of the Abyss.
You worshipped Vehumet.
Vehumet was noncommittal.
You were not hungry.

You visited 2 branches of the dungeon, and saw 7 of its levels.
You visited the Abyss 1 time.

You collected 73 gold pieces.

Inventory:

Hand Weapons
 f - a +2 spear of distortion
 p - a +1 war axe of flaming
 q - the +4 trident of Dried Tears (weapon) {elec, rElec rF+ Dex+4 SInv}
   (You found it on level 4 of the Dungeon)

   Occasionally, upon striking a foe, it will discharge some electrical energy
   and cause terrible harm.
   It affects your dexterity (+4).
   It protects you from fire.
   It insulates you from electricity.
   It lets you see invisible.
Armour
 a - a +0 robe (worn)
Magical Staves
 s - an uncursed staff of poison {unknown}
Jewellery
 h - an amulet of faith (around neck)
 o - a +5 ring of dexterity (left hand)
Wands
 m - a wand of magic darts (22)
Scrolls
 e - a scroll of teleportation {unknown}
 i - a scroll of recharging {unknown}
 n - a scroll of noise {unknown}
Potions
 g - 2 potions of brilliance
 l - 2 potions of might
Books
 b - a book of Flames

   Spells                             Type                      Level
   a - Flame Tongue                   Conjuration/Fire             1
   b - Throw Flame                    Conjuration/Fire             2
   c - Conjure Flame                  Conjuration/Fire             3
   d - Inner Flame                    Hexes/Fire                   3
   e - Sticky Flame                   Conjuration/Fire             4
   f - Fireball                       Conjuration/Fire             5
Comestibles
 c - a bread ration
 j - a beef jerky


   Skills:
 - Level 2.4 Dodging
 - Level 2.4 Stealth
 + Level 4.2 Spellcasting
 * Level 3.1 Conjurations
 * Level 5.0 Fire Magic


You had 8 spell levels left.
You knew the following spells:

 Your Spells              Type           Power        Failure   Level  Hunger
a - Flame Tongue          Conj/Fire      #####        1%          1    None
b - Conjure Flame         Conj/Fire      #####...     1%          3    ##.....


Dungeon Overview and Level Annotations

Branches:
Dungeon (6/15)             Temple (1/1) D:4

Altars:
Elyvilon
Gozag
Kikubaaqudgha
Nemelex Xobeh
Okawaru
Qazlal
Vehumet
Zin

Annotations:
D:3 1 exclusion
D:5 Edmund
D:6 Duvessa


Message History

Drink which item? (? for menu, Esc to quit)
It was a potion of brilliance.
You feel clever all of a sudden.
* * * LOW HITPOINT WARNING * * *
You feel sick. The orange demon closely misses you.
Unknown command.
Unknown command.
Drink which item? (? for menu, Esc to quit)
It was a potion of agility.
You feel agile all of a sudden.
* * * LOW HITPOINT WARNING * * *
You feel sick. The orange demon misses you.
Unknown command.
* * * LOW HITPOINT WARNING * * *
You feel sick.
Unknown command.
* * * LOW HITPOINT WARNING * * *
You feel sick.
Unknown command.
Are you sure you want to abandon this character and quit the game? (Confirm with "yes".)

.#.#.##.....# # .
.... #...###
..#.#...#.#...##
#.....##..
##.....## #
.##...#X..#.......#
. ...'...+.......#
# . ...#.
.#..4....# # .
#...##.....## .
#.... ##@..##
#..... #####
....... .......
.......


You could see an orange demon.

Vanquished Creatures
  A quasit (D:6)
  A worker ant (D:6)
  A hound skeleton (D:4)
  3 adders
  An ooze (D:1)
  2 orcs
  3 bats
  2 hobgoblins (D:1)
  2 kobolds
  A quokka (D:2)
  3 giant cockroaches (D:6)
  3 giant newts
  A quokka skeleton (D:4)
  2 rats
26 creatures vanquished.

Vanquished Creatures (others)
  A crimson imp (D:6)
  A rat (D:2)
  2 starspawn tentacles (Abyss:1)
4 creatures vanquished.

Grand Total: 30 creatures vanquished

Notes
Turn   | Place    | Note
--------------------------------------------------------------
     0 | D:1      | 4thArraOfDagon the Deep Elf Fire Elementalist began the quest for the Orb.
     0 | D:1      | Reached XP level 1. HP: 10/10 MP: 6/6
   108 | D:2      | Reached XP level 2. HP: 6/15 MP: 4/8
   128 | D:1      | Reached skill level 4 in Fire Magic
   420 | D:3      | Reached XP level 3. HP: 15/19 MP: 10/10
   429 | D:3      | Learned a level 3 spell: Conjure Flame
   489 | D:4      | Found a glowing silver altar of Zin.
   525 | D:4      | Found a staircase to the Ecumenical Temple.
   547 | Temple   | Entered the Ecumenical Temple
   580 | Temple   | Became a worshipper of Vehumet
   636 | D:5      | Entered Level 5 of the Dungeon
   636 | D:5      | Noticed Edmund
   658 | D:4      | Got a jewelled trident
   668 | D:4      | Identified the +4 trident of Dried Tears {elec, rElec rF+ Dex+4 SInv} (You found it on level 4 of the Dungeon)
   785 | D:6      | Reached XP level 4. HP: 15/24 MP: 7/11
   877 | D:6      | Reached skill level 5 in Fire Magic
   877 | D:6      | Reached XP level 5. HP: 21/28 MP: 10/13
   941 | D:6      | Noticed a hippogriff
   949 | D:6      | Noticed Duvessa
   952 | D:6      | Noticed a centaur
  1002 | D:6      | Cast into the Abyss (a distortion unwield)
  1003 | Abyss:1  | Found a corrupted altar of Lugonu.
  1016 | Abyss:1  | Noticed a tentacled starspawn
  1017 | Abyss:1  | Noticed an eidolon
  1037 | Abyss:1  | Noticed a neqoxec
  1057 | Abyss:1  | Noticed a starcursed mass
  1062 | Abyss:1  | Noticed a water elemental
  1073 | Abyss:1  | Noticed an orange demon
  1090 | Abyss:1  | Quit the game

Vault maps used:
D:1:      dpeg_arrival_morbid_curiosity, minmay_misc_feat_alley, hex_medium
D:2:      small_statue_intersection, grunt_qazlal_clouds, uniq_sigmund
D:3:      corexii_shack_village, led_sif_book, ecumenical_altar_1, uniq_terence
D:4:      lemuel_crystal_altar, minmay_temple_entry_junction
D:5:      kennysheep_mini_moat, makhleb_altar_promises_db, first_bread,
          lemuel_angel_altar, uniq_edmund
D:6:      kennysheep_six_static_rooms, ashenzari_altar_1, uniq_duvessa
Temple:   temple_island_7

Action                   |  1- 3 |  4- 6 || total
-------------------------+-------+-------++-------
Melee: Spear             |    42 |    12 ||    54
 Cast: Flame Tongue      |    11 |     2 ||    13
       Conjure Flame     |     1 |     3 ||     4
  Use: Scroll            |     3 |     1 ||     4
       Potion            |       |     2 ||     2
 Stab: Sleeping          |     4 |     2 ||     6
  Eat: Pizza             |       |     1 ||     1
